 Dungeon Crawl Stone Soup version 0.18-a0-19-g8b99b3a (webtiles) character file.

210 mrath the Digger (level 5, -3/28 HPs)
             Began as a Gargoyle Earth Elementalist on Nov 1, 2015.
             Slain by an ice beast (6 damage)
             ... on level 3 of the Dungeon.
             The game lasted 00:27:41 (3457 turns).

mrath the Digger (Gargoyle Earth Elementalist)      Turns: 3457, Time: 00:27:42

Health: -3/28      AC:  6    Str: 11    XL:     5   Next: 87%
Magic:  3/11       EV: 12    Int: 17    God:
Gold:   83         SH:  0    Dex: 10    Spells: 3 memorised, 6 levels left

rFire  . . .     SeeInvis .     i - +0 spear
rCold  . . .     Clarity  +     b - +0 robe
rNeg   + . .     SustAt   .     (no shield)
rPois  ∞         Gourm    .     (no helmet)
rElec  +         Spirit   .     (no cloak)
rCorr  .         Warding  .     (no gloves)
rMut   .         Stasis   .     (no boots)
MR     .....                    f - amulet of clarity
Stlth  ++........               (no ring)
                                (no ring)

@: not resistant to hostile enchantments, unstealthy
A: negative energy resistance 1, electricity resistance, unbreathing,
petrification resistance, rot immunity, AC +4
a: no special abilities


You were on level 3 of the Dungeon.
You were full.

You visited 1 branch of the dungeon, and saw 3 of its levels.

You collected 83 gold pieces.

Inventory:

Hand Weapons
 e - a +0 mace
 i - a +0 spear (weapon)
 o - a +0 short sword
Armour
 b - a +0 robe (worn)
Jewellery
 f - an amulet of clarity (around neck)
Wands
 q - a wand of frost (22)
Scrolls
 a - 2 scrolls of teleportation {unknown}
 g - 2 scrolls of enchant weapon {unknown}
 h - 4 scrolls of remove curse {unknown}
 n - 2 scrolls of noise {unknown}
 p - 2 scrolls of identify {unknown}
Potions
 j - a potion of ambrosia {unknown}
 k - a potion of haste {unknown}
 l - 2 potions of heal wounds {unknown}
 s - 2 potions of curing {unknown}
Books
 c - a book of Geomancy

   Spells                             Type                      Level
   a - Sandblast                      Earth                        1
   b - Stoneskin                      Transmutation/Earth          2
   c - Passwall                       Transmutation/Earth          3
   d - Stone Arrow                    Conjuration/Earth            3
   e - Petrify                        Transmutation/Earth          4
   f - Lee's Rapid Deconstruction     Earth                        5


   Skills:
 - Level 1.5 Dodging
 - Level 2.1 Stealth
 * Level 4.3 Spellcasting
 + Level 2.1 Conjurations
 - Level 0.7 Transmutations
 + Level 4.9 Earth Magic


You had 6 spell levels left.
You knew the following spells:

 Your Spells              Type           Power        Failure   Level  Hunger
a - Sandblast             Erth           ###...       1%          1    None
b - Stoneskin             Trmt/Erth      ##......     10%         2    ##.....
c - Stone Arrow           Conj/Erth      ###...       12%         3    ###....


Dungeon Overview and Level Annotations

Branches:
Dungeon (3/15)

Altars:
Nemelex Xobeh

Annotations:
D:2 Natasha
D:3 Grinder


Innate Abilities, Weirdness & Mutations

You are resistant to torment.
Your stone body is resilient (AC +4).
You are immune to poison.
You resist negative energy.
You are resistant to electric shocks.
You can survive without breathing.
You are immune to petrification.
You are immune to rotting.


Message History

The ice beast hits you but does no damage.
The worker ant bites you but does no damage.
You closely miss the worker ant.
The worker ant is almost dead.
The worker ant bites you. The ice beast barely misses you.
The worker ant bites you.
* * * LOW HITPOINT WARNING * * *
You barely miss the worker ant.
The worker ant is almost dead.
The ice beast hits you but does no damage.
The worker ant closely misses you.
The ice beast hits you but does no damage.
You hit the worker ant.
You kill the worker ant!
The ice beast misses you. The ice beast misses you. The ice beast hits you.
* * * LOW HITPOINT WARNING * * *
The ice beast freezes you.
You die...

#..# #.........#
##..# ####.######
####...######.#
...............#
###....>.....###
#..##..#.#.# #..
#..#...# #..
#Y.##..#
#..##.@....#
#.......#.##
##.##.#.#.# .#
#.##.#.# # #..#
######.##.#.#.# #..#
##.............#
..###...#........%.#
......#.....#..#####
#.# #...#.###.##


You could see an ice beast.

Vanquished Creatures
  Jessica (D:3)
  Terence (D:3)
  A worker ant (D:3)
  Natasha (twice) (D:2)
  5 adders
  A worm (D:3)
  A giant gecko (D:3)
  An orc (D:3)
  7 giant cockroaches
  6 goblins (D:2)
  5 hobgoblins
  4 quokkas
  6 bats
  2 giant newts
  7 kobolds
  8 rats
58 creatures vanquished.

Notes
Turn   | Place    | Note
--------------------------------------------------------------
     0 | D:1      | mrath the Gargoyle Earth Elementalist began the quest for the Orb.
     0 | D:1      | Reached XP level 1. HP: 10/10 MP: 3/3
    30 | D:1      | You fall through a shaft!
   387 | D:1      | Reached XP level 2. HP: 15/15 MP: 3/5
  1183 | D:2      | Reached skill level 4 in Earth Magic
  1183 | D:2      | Reached XP level 3. HP: 19/19 MP: 2/7
  1256 | D:2      | Learned a level 2 spell: Stoneskin
  1260 | D:2      | Learned a level 3 spell: Stone Arrow
  1402 | D:2      | Found a sparkling altar of Nemelex Xobeh.
  1789 | D:2      | Noticed Natasha
  1803 | D:2      | Reached XP level 4. HP: 22/24 MP: 5/8
  1903 | D:2      | Reached skill level 1 in Conjurations
  1911 | D:2      | Killed Natasha
  2022 | D:2      | Noticed Natasha
  2026 | D:2      | Killed Natasha
  2093 | D:2      | Noticed Natasha
  2446 | D:3      | Noticed Terence
  2672 | D:3      | Noticed Grinder
  2677 | D:3      | Noticed Jessica
  2693 | D:3      | Killed Jessica
  2693 | D:3      | Reached XP level 5. HP: 25/28 MP: 7/10
  2850 | D:3      | Upgraded the game from 0.18-a0-5-gf1fb587 to 0.18-a0-19-g8b99b3a
  3136 | D:3      | Noticed an ice beast
  3303 | D:3      | Killed Terence
  3457 | D:3      | Slain by an ice beast

Vault maps used:
D:1:      saegor_arrival_simple_a, solitary_fountain
D:2:      nicolae_overflow_crystal_walls, uniq_natasha
D:3:      first_bread, hangedman_abyss_or_decor_lesser_grid, uniq_grinder,
          uniq_terence, uniq_jessica

Action                   |  1- 3 |  4- 6 || total
-------------------------+-------+-------++-------
Melee: Spear             |    12 |    44 ||    56
 Cast: Sandblast         |    62 |    68 ||   130
       Stoneskin         |       |     1 ||     1
  Eat: Chunk             |     2 |     1 ||     3
       Bread ration      |     1 |       ||     1
       Meat ration       |       |     1 ||     1
